 Dungeon Crawl Stone Soup version 0.32-a0-913-g739538a (webtiles) character file.

Game seed: 9969884712381738434

17151 uuddlrlrba the Black Sun (level 12, -11/106 HPs)
             Began as a Mountain Dwarf Monk on Apr 8, 2024.
             Was a High Priest of Kikubaaqudgha.
             Mangled by an enormous slime creature (63 damage)
             ... on level 12 of the Dungeon.
             The game lasted 00:59:39 (16336 turns).

uuddlrlrba the Black Sun (Mountain Dwarf Monk)     Turns: 16336, Time: 00:59:40

Health: -11/106    AC: 18    Str: 14    XL:     12   Next: 16%
Magic:  19/19      EV: 10    Int: 16    God:    Kikubaaqudgha [*****.]
Gold:   1164       SH:  5    Dex: 12    Spells: 3/21 levels left

rFire   . . .        D - +1 war axe (flame)
rCold   . . .        (no shield)
rNeg    . . .        S - +0 acid dragon scales
rPois   .            Y - +1 helmet
rElec   .            k - +0 cloak
rCorr   +            (no gloves)
SInv    .            r - +0 pair of boots
Will    ++...        W - amulet of reflection
Stlth   +            U - ring of willpower
HPRegen 0.37/turn    c - +4 ring of protection
MPRegen 0.16/turn

%: reflection
@: fugue
A: runic magic, artefact enchanting
a: Renounce Religion, Unearth Wretches, Torment


You were on level 12 of the Dungeon.
You worshipped Kikubaaqudgha.
Kikubaaqudgha was extremely pleased with you.
You visited 3 branches of the dungeon, and saw 14 of its levels.
You also visited: Ossuary.

You collected 1164 gold pieces.

Inventory:

Hand Weapons
 D - a +1 war axe of flaming (weapon)
Missiles
 h - 9 curare-tipped darts (quivered)
 x - 33 poisoned darts
 Q - 6 javelins
Armour
 k - a +0 cloak (worn)
 l - a +0 helmet
 r - a +0 pair of boots (worn)
 S - +0 acid dragon scales (worn)
 Y - a +1 helmet (worn)
Jewellery
 c - a +4 ring of protection (right hand)
 f - a ring of positive energy
 j - a ring of ice
 U - a ring of willpower (left hand)
 W - an amulet of reflection (around neck)
Wands
 b - a wand of paralysis (6)
 t - a wand of warping (4)
 C - a wand of acid (5)
 G - a wand of flame (23)
 R - a wand of polymorph (10)
 T - a wand of digging (3)
Scrolls
 e - 2 scrolls of fog
 g - a scroll of torment {unknown}
 i - 3 scrolls of noise
 n - 2 scrolls of poison
 s - 4 scrolls of teleportation
 u - a scroll of butterflies {unknown}
 v - a scroll of fear {unknown}
 w - 2 scrolls of vulnerability
 y - a scroll of brand weapon
 z - 2 scrolls of enchant weapon
 B - a scroll of enchant armour
 E - a scroll of silence {unknown}
 J - a scroll of immolation
 M - a scroll of identify
 V - a scroll of revelation
 X - a scroll of blinking
Potions
 a - a potion of heal wounds
 m - 7 potions of curing
 o - 3 potions of magic
 A - a potion of mutation
 F - a potion of berserk rage
 H - a potion of ambrosia
 I - 2 potions of might
 K - a potion of lignification
 L - a potion of resistance
 N - a potion of brilliance
 P - 2 potions of invisibility
Miscellaneous
 O - a phial of floods


   Skills:
 - Level 10.0 Fighting
 - Level 10.0 Axes
 - Level 10.0 Armour
 - Level 2.1 Dodging
 - Level 5.0 Spellcasting
 + Level 11.0 Necromancy
 - Level 8.0 Earth Magic


You had 3 spell levels left.
You knew the following spells:

 Your Spells              Type           Power      Damage    Failure   Level
a - Cigotuvi's Dreadful   Necr/Alch/Air  30%        N/A       5%          2
b - Fugue of the Fallen   Necr           39%        N/A       1%          3
c - Vampiric Draining     Necr           39%        2d8       1%          3
d - Necrotise             Necr           100%       1d9       1%          1
e - Dispel Undead         Necr           39%        3d16      1%          4
f - Borgnjor's Vile Clut  Necr/Erth      17%        N/A       9%          5

Your spell library contained the following spells:

 Spells                   Type           Power      Damage    Failure   Level
 Foxfire                  Conj/Fire      16%        2x1d4     16%         1
 Call Canine Familiar     Summ           4%         N/A       43%         3
 Frozen Ramparts          Ice            8%         1d2       43%         3
 Inner Flame              Hex/Fire       4%         N/A       43%         3
 Ozocubu's Armour         Ice            4%         N/A       43%         3
 Sigil of Binding         Hex            4%         N/A       43%         3
 Teleport Other           Tloc           4%         N/A       43%         3
 Martyr's Knell           Necr/Summ      21%        N/A       17%         4
 Death Channel            Necr           19%        N/A       26%         6
 Dimensional Bullseye     Hex/Tloc       2%         N/A       85%         4
 Flame Wave               Conj/Fire      4%         2d5       85%         4
 Sticky Flame             Fire/Alch      4%         2d4       85%         4
 Metabolic Englaciation   Hex/Ice        2%         N/A       99%         5
 Summon Forest            Summ/Tloc      2%         N/A       99%         5
 Summon Mana Viper        Hex/Summ       4%         N/A       99%         5
 Dispersal                Tloc           2%         N/A       100%        6
 Gell's Gavotte           Tloc           2%         2d(12-18) 100%        6
 Plasma Beam              Fire/Air       2%         2x1d12    100%        6
 Starburst                Conj/Fire      2%         6d3       100%        6
 Summon Cactus Giant      Summ           2%         N/A       100%        6


Dungeon Overview and Level Annotations

Branches:
Dungeon (12/15)            Temple (1/1) D:7            Lair (1/5) D:10
    Orc (0/2) D:12        Ossuary (visited)

Altars:
Ashenzari
Cheibriados
Dithmenos
Elyvilon
Fedhas
Gozag
Hepliaklqana
Kikubaaqudgha
Makhleb
Nemelex Xobeh
Okawaru
Qazlal
Ru
Sif Muna
Trog
Uskayaw
Vehumet
Wu Jian
Xom
Yredelemnul
Zin
The Shining One

Annotations:
D:8 3 runed translucent doors
D:12 3 runed translucent doors, Bieck's ghost, journeyman OnWr; Jeizer's ghost, journeyman MfGl; Quikido's ghost, journeyman MiWr


Innate Abilities, Weirdness & Mutations

Your spellcasting is much less encumbered by armour.
You can use scrolls of enchantment on lesser artefacts.


Message History

You hit the slime creature but do no damage.
The slime creature hits you!
You barely miss the orc. You hit the slime creature.
You burn the slime creature. You block the slime creature's attack.
The orc hits you but does no damage.
Two slime creatures merge to form a large slime creature.
The orc attacks as it pursues you! The orc hits you but does no damage.
You barely miss the orc. You block the orc's attack.
You barely miss the orc. You slash the slime creature!
You burn the slime creature. The orc hits you with a +0 flail.
Two slime creatures merge to form a very large slime creature.
The slime creature hits you. The orc attacks as it pursues you!
The orc barely misses you.
You slash the orc! You burn the orc.
You kill the orc!
Kikubaaqudgha accepts your kill.
You barely miss the slime creature.
You hit the slime creature but do no damage.
The slime creature is lightly wounded.
You hit the slime creature. You burn the slime creature.
Two slime creatures merge to form an enormous slime creature.
The slime creature hits you! You block the slime creature's attack.
The wailing of tortured souls fills the air!
Casting: Fugue of the Fallen (safe; 1% risk of failure)
Confirm with . or Enter, or press ? or * to list all spells.
Okay, then.
The enormous slime creature attacks as it pursues you!
The enormous slime creature hits you. The slime creature closely misses you.
The enormous slime creature attacks as it pursues you!
The enormous slime creature closely misses you.
The slime creature hits you!
The slime creature hits you but does no damage.
You block the slime creature's attack. You block the slime creature's attack.
You block the slime creature's attack. The enormous slime creature hits you!!!
Ouch! That really hurt!
You die...
Kikubaaqudgha rasps: You have failed me!
Welcome... death!

,**,*,,....###.....#....,#.....#.
**#...o....#.##....#....,#.....##
*.#...o.....####...#######.....#.
*#.oooo......###...#...........#.
,○.................#...........#.
,.R............)...#...........#.
,...............$..#...........#.
,................[.#...........#.
,.......<.......@JJ#...........#.
,..................#.............
####################....########.
.................................
.................................
..................>..............
.................................
#################################


You could see an enormous slime creature and a slime creature.

Vanquished Creatures
  A two-headed ogre (D:9)
  A boulder beetle (D:11)
  Nergalle (Lair:1)
  Lodul (D:12)
  An ugly thing (D:10)
  A cyclops (D:11)
  A smoke demon (D:12)
  An efreet (D:12)
  Jeremiah (D:6)
  A komodo dragon (D:10)
  An ice devil (D:12)
  3 trolls
  A hornet (D:9)
  Grinder (D:4)
  Sigmund (D:4)
  3 slime creatures (D:12)
  23 yaks
  2 wyverns
  A shadow (D:10)
  A steam dragon (D:6)
  4 vampire mosquitoes
  Menkaure (D:4)
  2 acid dragons
  2 water moccasins
  5 orc warriors
  An ice beast (D:3)
  3 sky beasts
  5 centaurs
  9 ogres
  2 wolves
  4 kobold brigands
  3 bullfrogs
  A weeping skull (Ossuary)
  A gnoll sergeant (D:10)
  4 scorpions
  15 wights
  5 killer bees (D:9)
  6 electric eels
  A howler monkey (D:12)
  4 bombardier beetles
  4 crimson imps (D:12)
  2 gnoll boudas (D:6)
  5 hounds
  3 orc priests
  4 jellies
  3 spectral scorpions (Ossuary)
  A centaur skeleton (Ossuary)
  5 iguanas
  13 orc wizards
  A sleepcap (D:6)
  6 mummies (Ossuary)
  20 gnolls
  10 adders
  3 shadow imps (D:6)
  7 white imps
  A ribbon worm zombie (D:7)
  2 ufetubi (D:5)
  15 dart slugs
  2 ribbon worms
  28 orcs
  8 ball pythons
  6 endoplasms
  4 giant cockroaches
  9 goblins
  8 hobgoblins
  7 jackals
  29 kobolds
  10 quokkas
  4 bats
  3 frilled lizards
  2 gnoll skeletons (Ossuary)
  A goblin zombie (D:7)
  A jackal zombie (D:7)
  3 kobold skeletons (Ossuary)
  2 orc skeletons (Ossuary)
  6 rats
  10 spectral rats (Ossuary)
373 creatures vanquished.

Vanquished Creatures (others)
  2 orcs (D:12)
2 creatures vanquished.

Grand Total: 375 creatures vanquished

Notes
Turn   | Place    | Note
-------+----------+-------------------------------------------
     0 | D:1      | uuddlrlrba the Mountain Dwarf Monk began the quest for the
                  | Orb.
     0 | D:1      | Reached XP level 1. HP: 19/19 MP: 1/1
   278 | D:1      | Reached XP level 2. HP: 26/26 MP: 2/2
   644 | D:1      | Reached skill level 5 in Axes
   747 | D:1      | Reached XP level 3. HP: 29/31 MP: 3/3
   868 | D:1      | Found a broken altar of Ashenzari.
  1389 | D:2      | Found a faded altar of an unknown god.
  1673 | D:2      | You fall into a shaft and drop 1 floor!
  1728 | D:3      | Noticed an ice beast
  1750 | D:3      | Reached XP level 4. HP: 31/38 MP: 4/4
  2274 | D:3      | Noticed a bullfrog
  2279 | D:3      | Killed a bullfrog
  2280 | D:3      | Reached XP level 5. HP: 43/45 MP: 5/5
  2329 | D:3      | HP: 1/45 [burnt (3)]
  2489 | D:3      | Reached XP level 6. HP: 46/51 MP: 6/6
  2560 | D:3      | Killed an ice beast
  3321 | D:4      | Reached XP level 7. HP: 44/57 MP: 7/7
  3473 | D:4      | Noticed Sigmund
  3490 | D:4      | Killed Sigmund
  3491 | D:4      | Reached skill level 10 in Axes
  3578 | D:4      | Noticed Menkaure
  3601 | D:4      | Killed Menkaure
  3602 | D:4      | Reached skill level 5 in Fighting
  3899 | D:4      | Reached XP level 8. HP: 42/71 MP: 8/8
  4099 | D:4      | Noticed Grinder
  4115 | D:4      | Killed Grinder
  4314 | D:5      | Entered Level 5 of the Dungeon
  4683 | D:5      | Found a shadowy altar of Dithmenos.
  5641 | D:6      | Reached skill level 10 in Fighting
  5651 | D:6      | Reached skill level 1 in Armour
  5655 | D:6      | Reached XP level 9. HP: 60/83 MP: 9/9
  6374 | D:6      | Noticed Jeremiah
  6485 | D:6      | Killed Jeremiah
  6486 | D:6      | Reached skill level 5 in Armour
  7297 | D:7      | Found a staircase to the Ecumenical Temple.
  7301 | D:7      | Identified the +4 sling of Runto {elec, rPois rC- Will+
                  | Dex+3}
  7303 | D:7      | Found a sand-covered staircase.
  7322 | Temple   | Entered the Ecumenical Temple
  7351 | Temple   | Became a worshipper of Kikubaaqudgha
  7351 | Temple   | Reached * piety under Kikubaaqudgha
  7351 | Temple   | Received a gift from Kikubaaqudgha
  7351 | Temple   | Reached ** piety under Kikubaaqudgha
  7386 | Ossuary  | Entered an ossuary
  8194 | D:7      | Reached *** piety under Kikubaaqudgha
  8194 | D:7      | Received a gift from Kikubaaqudgha
  8380 | D:7      | Reached XP level 10. HP: 49/88 MP: 10/10
  8589 | D:7      | Found a glowing silver altar of Zin.
  8684 | D:7      | Reached skill level 10 in Armour
  8778 | D:7      | Reached skill level 1 in Necromancy
  9529 | D:8      | Reached skill level 1 in Spellcasting
  9529 | D:8      | Reached skill level 2 in Necromancy
  9737 | D:8      | Reached **** piety under Kikubaaqudgha
  9856 | D:8      | Found the +7 Throatcutter {drain, coup de grace}
  9929 | D:8      | Reached skill level 3 in Necromancy
 10031 | D:8      | Learned a level 2 spell: Cigotuvi's Dreadful Rot
 10261 | D:8      | Found a runed translucent gate.
 10262 | D:8      | Found a runed translucent gate.
 10263 | D:8      | Found a runed translucent gate.
 10527 | D:9      | Reached skill level 4 in Necromancy
 10632 | D:9      | Learned a level 3 spell: Fugue of the Fallen
 10738 | D:9      | Reached skill level 5 in Necromancy
 11014 | D:9      | Reached skill level 6 in Necromancy
 11158 | D:9      | Learned a level 3 spell: Vampiric Draining
 11160 | D:9      | Learned a level 1 spell: Necrotise
 11165 | D:9      | Learned a level 4 spell: Dispel Undead
 11402 | D:9      | Noticed a two-headed ogre
 11411 | D:9      | Killed a two-headed ogre
 11412 | D:9      | Reached skill level 7 in Necromancy
 11546 | D:10     | Entered Level 10 of the Dungeon
 11578 | D:9      | Reached XP level 11. HP: 85/99 MP: 16/16
 11807 | D:9      | Reached skill level 8 in Necromancy
 12410 | D:10     | Found a staircase to the Lair.
 12433 | D:10     | Reached skill level 9 in Necromancy
 12655 | D:10     | Reached skill level 5 in Spellcasting
 13037 | D:10     | Found a sparkling altar of Nemelex Xobeh.
 13260 | Lair:1   | Entered Level 1 of the Lair of Beasts
 13260 | Lair:1   | Noticed Nergalle
 13286 | Lair:1   | Killed Nergalle
 13287 | Lair:1   | Reached skill level 10 in Necromancy
 13287 | Lair:1   | Reached skill level 1 in Earth Magic
 13649 | D:11     | Noticed a boulder beetle
 13662 | D:11     | Killed a boulder beetle
 13813 | D:11     | Learned a level 5 spell: Borgnjor's Vile Clutch
 14004 | D:11     | Noticed a green ugly thing
 14029 | D:10     | Killed a green ugly thing
 14030 | D:10     | Reached skill level 5 in Earth Magic
 14171 | D:11     | Identified the +6 quarterstaff of the Spider Nest {spect,
                  | rC+ rCorr Str+3 Stlth+}
 14665 | D:12     | Found a runed translucent gate.
 14666 | D:12     | Found a runed translucent gate.
 14680 | D:12     | Found a runed translucent gate.
 14718 | D:12     | Reached ***** piety under Kikubaaqudgha
 14993 | D:12     | Noticed Lodul
 15271 | D:12     | HP: 5/148 [efreet/fireball (8)]
 15581 | D:12     | Noticed Bieck's ghost (journeyman OnWr)
 15582 | D:12     | Noticed Jeizer's ghost (journeyman MfGl)
 15582 | D:12     | Noticed Quikido's ghost (journeyman MiWr)
 15610 | D:12     | Killed Lodul
 15611 | D:12     | Reached XP level 12. HP: 35/106 MP: 16/19
 16112 | D:12     | Reached skill level 11 in Necromancy
 16336 | D:12     | Mangled by an enormous slime creature

Illustrated notes

Levels and vault maps discovered:
D:1:      dpeg_arrival_water_altar, layout_loops_cross
D:2:      layout_basic, shapermc_ecumenical_altar_starsandcircs
D:3:      layout_loops_ring, kennysheep_another_room, minmay_pentangle
D:4:      layout_loops_ring, dreamdust_princess_corridor, uniq_sigmund,
          uniq_menkaure, uniq_grinder
D:5:      layout_basic, mainiacjoe_overflow_surrounded_room, serial_curves,
          eino_curves_02, eino_curves_01, chequers_serial_rivers_micro_e,
          blue_anna_alchemist
D:6:      minmay_razor_zed, layout_loops_ring, uniq_jeremiah
D:7:      kennysheep_slugbush, layout_loops_ring, marbit_many_paths,
          minmay_temple_entry_arrows, enter_ossuary_3
D:8:      lemuel_bear_cage, layout_loops_corners
D:9:      layout_roguey, st_stairs_2
D:10:     layout_cave_pools, mainiacjoe_overflow_brackets, erik_lair_island,
          grunt_ministairs_10
D:11:     layout_cave_pools, gauntlet_entry_generic
D:12:     minmay_connected_triangles_in_corner, layout_grid_maze,
          hiddenorc1_lemuel, gammafunk_ghost_cemetery, minmay_fire_ice_demons,
          uniq_lodul
Temple:   hellmonk_temple_of_storms
Lair:1:   layout_cave_pods, uniq_nergalle

Skill      XL: |  1  2  3  4  5  6  7  8  9 10 11 12 |
---------------+-------------------------------------+-----
Axes           | 4 5 7 8 9 10 | 10.0
Fighting       | 6 10 | 10.0
Armour         | 2 9 10 | 10.0
Necromancy     | 7 10 11 | 11.0
Spellcasting   | 3 5 |  5.0
Earth Magic    | 8 |  8.0
Dodging        | |  2.1

Action                     |  1- 3 |  4- 6 |  7- 9 | 10-12 || total
---------------------------+-------+-------+-------+-------++-------
  Melee: Hand axe          |   163 |   136 |    29 |       ||   328
         Flail             |       |       |   176 |    18 ||   194
         Unarmed           |       |       |    17 |       ||    17
         War axe           |       |       |   340 |   584 ||   924
  Throw: Dart              |       |     3 |    30 |    26 ||    59
   Cast: Fugue of the Fall |       |       |       |    14 ||    14
         Cigotuvi's Dreadf |       |       |       |     2 ||     2
         Necrotise         |       |       |       |     1 ||     1
         Vampiric Draining |       |       |       |    21 ||    21
         Dispel Undead     |       |       |       |     5 ||     5
 Invoke: Unearth Wretches  |       |       |       |     1 ||     1
  Evoke: Wand              |       |       |     4 |    16 ||    20
    Use: Scroll            |       |     8 |     2 |    10 ||    20
         Potion            |       |     2 |     3 |     8 ||    13
   Stab: Invisible         |       |       |     5 |       ||     5
         Distracted        |       |       |     1 |       ||     1
         Paralysed         |       |       |       |     2 ||     2
 Armour: Robe              |    85 |       |       |       ||    85
         Scale mail        |     8 |    72 |   161 |       ||   241
         Skin              |       |       |    35 |       ||    35
         Plate armour      |       |       |   210 |   113 ||   323
         Acid dragon scale |       |       |       |   485 ||   485
  Dodge: Dodged            |    85 |    51 |    98 |   328 ||   562
  Block: Other             |       |       |       |     6 ||     6

Table legend: (Time is in decaauts)
 A = Elapsed time spent in this place.
 B = Non-inter-level travel time spent in this place.
 C = Inter-level travel time spent in this place.
 D = Time resting spent in this place.
 E = Time spent auto-exploring this place.
 F = Levels seen in this place.
 G = Mean time per level.
                   A        B        C        D        E       F      G
               +--------+--------+--------+--------+--------+-----+--------+
         Total |  16389 |  15938 |    451 |   5083 |   7241 |  15 | 1092.6 |
       Dungeon |  15375 |  14938 |    437 |   4602 |   7067 |  12 | 1281.2 |
        Temple |     44 |     30 |     14 |      0 |      0 |   1 |   44.0 |
          Lair |    249 |    249 |      0 |    212 |      5 |   1 |  249.0 |
       Ossuary |    719 |    719 |      0 |    269 |    169 |   1 |  719.0 |
               +--------+--------+--------+--------+--------+-----+--------+

Top non-repeatable levels by time:
     D:9: 2114 daAuts
     D:6: 1932 daAuts
    D:12: 1743 daAuts
     D:7: 1343 daAuts
     D:4: 1292 daAuts
     D:8: 1181 daAuts
     D:3: 1093 daAuts
     D:1: 1026 daAuts
     D:5: 967 daAuts
    D:11: 915 daAuts
     D:2: 907 daAuts
    D:10: 858 daAuts
 Ossuary: 719 daAuts
  Lair:1: 249 daAuts
  Temple: 44 daAuts
